 Dungeon Crawl Stone Soup version 0.30.1-4-g462c640d31 (webtiles) character file.

Game seed: 1986316154469403852

23 spardeous the Conjurer (level 2, -2/20 HPs)
             Began as a Demigod Conjurer on Aug 12, 2023.
             Killed from afar by a dart slug (5 damage)
             ... with a slug dart
             ... on level 1 of the Dungeon.
             The game lasted 00:00:28 (633 turns).

spardeous the Conjurer (Demigod Conjurer)            Turns: 633, Time: 00:00:29

Health: -2/20      AC:  2    Str:  8    XL:     2   Next: 57%
Magic:  3/7        EV: 12    Int: 20    God:
Gold:   67         SH:  0    Dex: 12    Spells: 4/5 levels left

rFire   . . .        (no weapon)
rCold   . . .        (no shield)
rNeg    . . .        a - +0 robe
rPois   .            (no helmet)
rElec   .            (no cloak)
rCorr   .            (no gloves)
SInv    .            (no boots)
Will    .....        (no amulet)
Stlth   ++           (no ring)
HPRegen 0.23/turn    (no ring)
MPRegen 0.10/turn

%: no passive effects
@: no status effects
A: high MP 1, forlorn, divine attributes
a: no special abilities


You were on level 1 of the Dungeon.
You visited 1 branch of the dungeon, and saw 1 of its levels.

You collected 67 gold pieces.

Inventory:

Armour
 a - a +0 robe (worn)
Scrolls
 c - a scroll of identify {unknown}
 d - a scroll of brand weapon {unknown}
 e - 2 scrolls of enchant weapon {unknown}
 h - a scroll of teleportation {unknown}
 i - a scroll of torment {unknown}
Potions
 b - a potion of magic
 f - a potion of curing {unknown}
 g - a potion of attraction {unknown}


   Skills:
 - Level 1.7 Dodging
 - Level 1.7 Stealth
 + Level 2.3 Spellcasting
 + Level 4.0 Conjurations


You had 4 spell levels left.
You knew the following spells:

 Your Spells              Type           Power      Damage    Failure   Level
a - Magic Dart            Conj           72%        1d6       3%          1

Your spell library contained the following spells:

 Spells                   Type           Power      Damage    Failure   Level
 Searing Ray              Conj           36%        2d5       4%          2
 Dazzling Flash           Conj/Hex       20%        N/A       21%         3
 Fulminant Prism          Conj/Hex       5%         3d7       54%         4
 Iskenderun's Mystic Bla  Conj/Tloc      10%        2d4       54%         4


Dungeon Overview and Level Annotations

Branches:
Dungeon (1/15)


Innate Abilities, Weirdness & Mutations

You have an increased reservoir of magic. (+10% MP)
You shall have no god before yourself.
Your divine heritage dramatically boosts your attributes as you level up.


Message History

Press: ? - help, Shift-Dir - straight line, f/p - jackal
Aim: a jackal (almost dead, 100% to hit)
The magic dart hits the jackal.
You kill the jackal!
The jackal bites you. The jackal closely misses you. The jackal misses you.
The jackal barely misses you. x2; The jackal closely misses you.
The jackal barely misses you. x2; The endoplasm hits you.
You take 4 damage, and have 10/20 hp.
You now have 2/7 mp.
The endoplasm attacks as you move away! The endoplasm barely misses you.
The jackal barely misses you. x2
The jackal attacks as you move away! The jackal barely misses you.
The jackal misses you. The jackal attacks as you move away!
The jackal bites you.
* * * LOW HITPOINT WARNING * * *
You see here a fuming coppery potion.
You take 2 damage, and have 9/20 hp.
The jackal attacks as you move away! The jackal misses you.
The jackal attacks as you move away! The jackal closely misses you. x2
A dart slug comes into view.
The jackal bites you.
* * * LOW HITPOINT WARNING * * *
You take 1 damage, and have 8/20 hp.
The jackal attacks as you move away! The jackal barely misses you.
The dart slug launches a dart at you. The slug dart hits you.
* * * LOW HITPOINT WARNING * * *
The jackal bites you but does no damage.
The jackal bites you.
* * * LOW HITPOINT WARNING * * *
You take 4 damage, and have 4/20 hp.
The jackal bites you.
* * * LOW HITPOINT WARNING * * *
The jackal misses you.
You take 1 damage, and have 3/20 hp.
The jackal attacks as you move away! The jackal closely misses you.
The jackal bites you.
* * * LOW HITPOINT WARNING * * *
The dart slug launches a dart at you. The slug dart hits you.
You die...

#..........#
...###...####
#...†......#
#....#.##
#........^.#
####....##
#..........#
##.......#
##........##
#..##.##.###
#..!.......#
#.###.##...#
#.......>h.####.#
#.####..
#...).J.hh......#
#.# ####
#.......h@..#####
#.###...
#.......hh.##
#..##...
##.........#
#####.#...#
##......#.w..
.........##
###.########
####....## ...#
###.......# #.###
#..[#...... #.
...#...####. .#
#.### #.


You could see a dart slug, an endoplasm and 6 jackals.

Vanquished Creatures
  2 dart slugs (D:1)
  3 ball pythons (D:1)
  A bat (D:1)
  2 giant cockroaches (D:1)
  2 hobgoblins (D:1)
  2 jackals (D:1)
  A quokka (D:1)
  2 frilled lizards (D:1)
  A goblin (D:1)
  A kobold (D:1)
17 creatures vanquished.

Notes
Turn   | Place    | Note
-------+----------+-------------------------------------------
     0 | D:1      | spardeous the Demigod Conjurer began the quest for the Orb.
     0 | D:1      | Reached XP level 1. HP: 14/14 MP: 5/5
   193 | D:1      | Reached XP level 2. HP: 20/20 MP: 0/7
   557 | D:1      | Reached skill level 4 in Conjurations
   633 | D:1      | Killed from afar by a dart slug

Illustrated notes

Levels and vault maps discovered:
D:1:      amcnicky_arrival_choice, layout_rooms

Skill      XL: |  1  2 |
---------------+-------+-----
Spellcasting   | 2 |  2.3
Conjurations   | 4 |  4.0
Dodging        | |  1.7
Stealth        | |  1.7

Action                     || total
---------------------------++-------
   Cast: Magic Dart        ||    37
 Armour: Robe              ||     2
  Dodge: Dodged            ||    25
